 Dungeon Crawl Stone Soup version 0.32-a0-613-g40f424e (webtiles) character file.

Game seed: 7676139463762264743

38289 skewfiend the Hermetic (level 14, -6/113 HPs)
             Began as a Merfolk Alchemist on Mar 2, 2024.
             Was a High Priest of Sif Muna.
             Mangled by a dire elephant (31 damage)
             ... on level 4 of the Lair of Beasts on Mar 4, 2024.
             The game lasted 01:04:23 (16608 turns).

skewfiend the Hermetic (Merfolk Alchemist)         Turns: 16608, Time: 01:04:24

Health: -6/113     AC: 15    Str: 10    XL:     14   Next: 1%
Magic:  16/28      EV: 20    Int: 26    God:    Sif Muna [*****.]
Gold:   747        SH:  0    Dex: 16    Spells: 15/33 levels left

rFire   . . .        N - +8 short sword "Jibruam" {freeze, Str+2 Dex+2}
rCold   . . .        s - orb {light}
rNeg    . . .        i - +0 troll leather armour {Pargi}
rPois   .            j - +2 helmet
rElec   .            (no cloak)
rCorr   .            v - +0 pair of gloves
SInv    .            V - +2 pair of boots {Stlth+}
Will    +....        Q - amulet of magic regeneration
Stlth   +            P - +5 ring of evasion
HPRegen 1.18/turn    R - +6 ring of intelligence
MPRegen 0.61/turn

%: no passive effects
@: ice-armoured, radiating poison, glowing
A: (nimble swimmer 2), mertail
a: Renounce Religion, Channel Magic, Forget Spell, Divine Exegesis


You were on level 4 of the Lair of Beasts.
You worshipped Sif Muna.
Sif Muna was extremely pleased with you.
You visited 3 branches of the dungeon, and saw 14 of its levels.
You also visited: Sewer.

You collected 747 gold pieces.

Inventory:

Hand Weapons
 g - a +3 short sword of venom
 t - a +2 whip of electrocution
 N - the +8 short sword "Jibruam" (weapon) {freeze, Str+2 Dex+2}
   (You found it on level 7 of the Dungeon)

   Str+2:     It affects your strength (+2).
   Dex+2:     It affects your dexterity (+2).
Missiles
 f - 19 stones
 x - 12 poisoned darts
 U - 3 curare-tipped darts
 Z - 2 darts of dispersal
Armour
 i - a +0 troll leather armour (worn) {Pargi}
 j - a +2 helmet (worn)
 s - an orb of light (worn)
 v - a +0 pair of gloves (worn)
 V - a +2 pair of boots of stealth (worn)
Magical Staves
 n - a staff of air
Jewellery
 P - a +5 ring of evasion (left hand)
 Q - an amulet of magic regeneration (around neck)
 R - a +6 ring of intelligence (right hand)
Wands
 d - a wand of paralysis (23)
 r - a wand of acid (10)
 C - a wand of roots (6)
 E - a wand of mindburst (13)
 L - a wand of flame (8)
Scrolls
 a - a scroll of immolation
 e - 3 scrolls of fear
 h - 3 scrolls of poison
 q - 3 scrolls of fog
 w - 5 scrolls of teleportation
 z - a scroll of brand weapon {unknown}
 B - a scroll of silence
 I - a scroll of revelation
 S - a scroll of amnesia {unknown}
 X - a scroll of enchant armour {unknown}
Potions
 b - 2 potions of magic
 k - a potion of cancellation
 l - a potion of brilliance
 m - a potion of berserk rage
 p - a potion of haste {unknown}
 A - a potion of lignification
 G - a potion of enlightenment
 H - a potion of ambrosia
 J - 4 potions of curing
 K - a potion of invisibility


   Skills:
 + Level 11.6 Fighting
 * Level 8.3 Dodging
 - Level 2.1 Stealth
 + Level 10.1 Spellcasting
 - Level 0.7 Conjurations
 - Level 2.0 Necromancy
 - Level 3.0 Fire Magic
 - Level 3.0 Ice Magic
 * Level 19.2 Alchemy
 + Level 8.2 Invocations


You had 15 spell levels left.
You knew the following spells:

 Your Spells              Type           Power      Damage    Failure   Level
a - Sting                 Conj/Alch      100%       1d9       1%          1
b - Mercury Vapours       Alch/Air       100%       N/A       1%          2
c - Olgreb's Toxic Radia  Alch           85%        N/A       1%          4
d - Sticky Flame          Fire/Alch      63%        2d11      1%          4
e - Mephitic Cloud        Conj/Alch/Air  47%        N/A       1%          3
f - Ozocubu's Armour      Ice            28%        N/A       5%          3
g - Necrotise             Necr           92%        1d8       2%          1

Your spell library contained the following spells:

 Spells                   Type           Power      Damage    Failure   Level
 Kiss of Death            Conj/Necr      80%        2d11      3%          1
 Inner Flame              Hex/Fire       20%        N/A       10%         3
 Volatile Blastmotes      Fire/Tloc      40%        2d13      10%         3
 Confusing Touch          Hex            13%        N/A       19%         3
 Dispel Undead            Necr           23%        3d12      26%         4
 Flame Wave               Conj/Fire      22%        2d8       28%         4
 Iskenderun's Mystic Bla  Conj/Tloc      15%        2d5       47%         4
 Animate Armour           Summ/Erth      26%        N/A       52%         4
 Manifold Assault         Tloc           13%        N/A       52%         4
 Summon Lightning Spire   Summ/Air       13%        N/A       52%         4
 Lee's Rapid Deconstruct  Erth           6%         3d6*      86%         5
 Dispersal                Tloc           6%         N/A       100%        6
 Spellforged Servitor     Conj/Summ      7%         N/A       100%        7
 Disjunction              Tloc           6%         N/A       100%        8


Dungeon Overview and Level Annotations

Branches:
Dungeon (9/15)             Temple (1/1) D:7            Lair (4/5) D:9
 Shoals (0/4) Lair:2        Snake (0/4) Lair:3        Slime (0/5) Lair:4
  Sewer (visited)
    Orc: D:9-12

Altars:
Ashenzari
Cheibriados
Dithmenos
Elyvilon
Fedhas
Hepliaklqana
Kikubaaqudgha
Makhleb
Nemelex Xobeh
Okawaru
Qazlal
Ru
Sif Muna
Trog
Uskayaw
Wu Jian
Xom
Yredelemnul
Zin
The Shining One
Jiyva

Shops:
D:8 [

Annotations:
Lair:3 2 transporters, Aorika's ghost, journeyman MDFi
Lair:4 2 transporters, Etuodos's ghost, journeyman GrFi


Innate Abilities, Weirdness & Mutations

((You are very nimble when in or above water. (Stealth+, EV+, Speed+++)))
Your lower body shifts to a powerful aquatic tail in water.


Message History

The dire elephant closely misses you.
Casting: Mercury Vapours (safe; 1% risk of failure)
Confirm with . or Enter, or press ? or * to list all spells.
Aiming: Sticky Flame (mildly dangerous; 1% risk of failure)
Press: ? - help, Shift-Dir - straight line, f/p - dire elephant
Aim: a dire elephant (moderately wounded, extremely poisoned, haloed)
The sticky flame hits the dire elephant!
The dire elephant is heavily wounded.
The dire elephant burns!
The dire elephant tramples you but does no damage.
The dire elephant closely misses you.
You hit the dire elephant but do no damage.
The dire elephant is heavily wounded.
The dire elephant burns!
The dire elephant tramples you!!
You hold your ground!
The dire elephant trunk-slaps you!
You hit the dire elephant but do no damage.
The dire elephant is severely wounded.
The dire elephant burns!
The dire elephant misses you.
The dire elephant trunk-slaps you but does no damage.
You hit the dire elephant but do no damage.
The dire elephant is severely wounded.
The dire elephant burns!
The dire elephant tramples you!
You hold your ground!
The dire elephant trunk-slaps you!
Casting: Sticky Flame (mildly dangerous; 1% risk of failure)
Confirm with . or Enter, or press ? or * to list all spells.
Aiming: Necrotise (safe; 2% risk of failure)
Press: ? - help, Shift-Dir - straight line, f/p - dire elephant
Aim: a dire elephant (severely wounded, covered in liquid flames, very poisoned, haloed, chance to affect: 18%)
The dire elephant resists with almost no effort.
The dire elephant burns!
The dire elephant tramples you!!
* * * LOW HITPOINT WARNING * * *
You hold your ground!
The dire elephant trunk-slaps you.
* * * LOW HITPOINT WARNING * * *
Casting: Necrotise (safe; 2% risk of failure)
Confirm with . or Enter, or press ? or * to list all spells.
You begin to radiate toxic energy.
The dire elephant looks as sick as possible! x2
The dire elephant burns!
The dire elephant stops burning.
The dire elephant tramples you!!
You die...

.#.....†...........P.....########
................................#
................÷÷......#..<.....
#.#..†.................P.........
#..#..............#.....)........
#.###............#.##............
#...###..†......####.............
...P##..........###..............
.#.............Y@###.............
###.P.##........P##P.............
.#####..##..#.....#..............
## ######P##....P...##......... #
#####.......#.......... #
#......##.......... #
#......#####....... # ####..##
#........ # #...# ###......


You could see a dire elephant (extremely poisoned).

Vanquished Creatures
  3 hydras (Lair:3)
  A boulder beetle (Lair:2)
  A two-headed ogre (D:8)
  Sonja (Lair:2)
  A skeletal warrior (D:9)
  Pikel (D:5)
  2 necromancers (D:9)
  A deep elf pyromancer (D:7)
  A cyclops (D:7)
  An ugly thing (D:9)
  Joseph (D:9)
  6 centaur zombies (D:9)
  A merfolk siren (Lair:2)
  2 black mambas
  A gargoyle (D:7)
  9 cane toads
  7 elephants (Lair:4)
  An unseen horror (D:8)
  Maggie (Lair:2)
  5 komodo dragons
  A rime drake (Lair:2)
  2 polar bears
  Grinder (D:3)
  4 hornets
  4 meliai zombies (D:9)
  10 blink frogs
  A slime creature (D:6)
  A spriggan (D:8)
  7 wraiths
  Sigmund (D:2)
  4 wyverns
  39 yaks
  Grum (D:8)
  4 vampires (D:9)
  3 basilisks
  2 steam dragons
  Menkaure (D:4)
  2 nagas (Lair:3)
  Duvessa (D:4)
  10 water moccasins
  4 orc warriors
  4 black bears
  Pargi (Sewer)
  4 ice beasts
  A sky beast (D:7)
  10 centaurs
  11 wolves
  5 phantoms (D:9)
  A kobold brigand (D:9)
  A gnoll sergeant (D:9)
  A scorpion (D:5)
  A brain worm (Sewer)
  10 bullfrogs
  13 wights
  Dowan (D:4)
  11 killer bees
  3 electric eels (Lair:2)
  4 howler monkeys
  4 bombardier beetles
  2 hounds
  A jelly (D:3)
  3 sleepcaps
  A gnoll bouda (D:7)
  Jessica (D:2)
  2 iguanas (D:6)
  Ijyb (D:3)
  Natasha (thrice) (D:2)
  7 orc wizards
  Robin (D:4)
  10 gnolls
  A river rat (D:4)
  5 adders
  3 shadow imps (D:6)
  A white imp (D:8)
  2 ufetubi (D:4)
  2 ribbon worms (D:4)
  3 dart slugs
  23 orcs
  4 endoplasms
  3 giant cockroaches
  15 goblins
  5 hobgoblins
  6 jackals
  4 quokkas
  8 ball pythons
  11 bats
  7 frilled lizards
  13 kobolds
  5 rats
389 creatures vanquished.

Vanquished Creatures (collateral kills)
  A wolf (Lair:4)
1 creature vanquished.

Grand Total: 390 creatures vanquished

Notes
Turn   | Place    | Note
-------+----------+-------------------------------------------
     0 | D:1      | skewfiend the Merfolk Alchemist began the quest for the
                  | Orb.
     0 | D:1      | Reached XP level 1. HP: 13/13 MP: 3/3
   362 | D:1      | Reached XP level 2. HP: 20/20 MP: 0/5
   562 | D:1      | Learned a level 2 spell: Mercury Vapours
   701 | D:1      | Reached skill level 1 in Fighting
   931 | D:1      | Reached XP level 3. HP: 26/26 MP: 4/6
  1043 | D:2      | Noticed Sigmund
  1287 | D:2      | Killed Sigmund
  1288 | D:2      | Reached skill level 6 in Alchemy
  1288 | D:2      | Reached XP level 4. HP: 9/34 MP: 1/8
  1288 | D:2      | Reached XP level 5. HP: 11/39 MP: 1/9
  1598 | D:2      | Reached XP level 6. HP: 45/46 MP: 6/10
  1715 | D:2      | Noticed Jessica
  1720 | D:2      | Killed Jessica
  1863 | D:2      | Noticed Natasha
  1904 | D:2      | Killed Natasha
  1905 | D:2      | Reached skill level 7 in Alchemy
  1975 | D:2      | Noticed Natasha
  1983 | D:2      | Killed Natasha
  2047 | D:2      | Noticed Natasha
  2054 | D:2      | Killed Natasha
  2325 | D:3      | Learned a level 4 spell: Olgreb's Toxic Radiance
  2376 | D:3      | Noticed Ijyb
  2384 | D:3      | Killed Ijyb
  2580 | D:3      | Reached XP level 7. HP: 52/52 MP: 6/12
  2843 | D:3      | Noticed Grinder
  2849 | D:3      | Paralysed by Grinder for 4 turns
  2863 | D:3      | Killed Grinder
  2864 | D:3      | Reached skill level 8 in Alchemy
  3604 | D:4      | Noticed Duvessa
  3605 | D:4      | Noticed Dowan
  3618 | D:4      | Killed Duvessa
  3618 | D:4      | Killed Dowan
  3619 | D:4      | Reached skill level 9 in Alchemy
  3619 | D:4      | Reached XP level 8. HP: 39/61 MP: 1/14
  3663 | D:4      | Found a glowing drain.
  3737 | Sewer    | Entered a sewer
  3753 | Sewer    | Learned a level 4 spell: Sticky Flame
  3849 | Sewer    | Noticed Pargi
  3859 | Sewer    | Killed Pargi
  3860 | Sewer    | Reached skill level 1 in Fire Magic
  4075 | D:4      | Noticed Robin
  4081 | D:4      | Killed Robin
  4331 | D:4      | Noticed Menkaure
  4341 | D:4      | Killed Menkaure
  4342 | D:4      | Reached skill level 5 in Fighting
  4826 | D:5      | Entered Level 5 of the Dungeon
  4826 | D:5      | Found a white marble altar of Elyvilon.
  4826 | D:5      | Found a burning altar of Makhleb.
  4964 | D:5      | Noticed Pikel
  4975 | D:5      | Killed Pikel
  4976 | D:5      | Reached skill level 5 in Spellcasting
  4976 | D:5      | Reached skill level 10 in Alchemy
  4976 | D:5      | Reached XP level 9. HP: 53/68 MP: 0/16
  5702 | D:6      | Reached skill level 11 in Alchemy
  5846 | D:6      | Identified the flux talisman of the Slug {rPois rCorr
                  | Int+3}
  5867 | D:6      | Found a hazy altar of Hepliaklqana.
  6420 | D:7      | Identified the +8 short sword "Jibruam" {freeze, Str+2
                  | Dex+2}
  6480 | D:7      | Noticed a gargoyle
  6480 | D:7      | Noticed a cyclops
  6489 | D:7      | Reached skill level 12 in Alchemy
  6499 | D:7      | Killed a cyclops
  6506 | D:6      | Reached XP level 10. HP: 41/79 MP: 4/19
  6604 | D:7      | Killed a gargoyle
  6605 | D:7      | Reached skill level 13 in Alchemy
  6630 | D:7      | Identified the +0 leather armour of Fanaticism {rCorr Int+4
                  | SInv Stlth-}
  7035 | D:7      | Noticed a deep elf pyromancer
  7044 | D:7      | Killed a deep elf pyromancer
  7045 | D:7      | Reached skill level 14 in Alchemy
  7082 | D:7      | Found a staircase to the Ecumenical Temple.
  7100 | Temple   | Entered the Ecumenical Temple
  7129 | Temple   | Became a worshipper of Sif Muna the Loreminder
  7188 | D:7      | Upgraded the game from 0.32-a0-596-g69a5a37 to
                  | 0.32-a0-612-g1c984fe
  7349 | D:7      | Identified the +4 chain mail of the Shrike {rF+ Int+6}
  7368 | D:7      | Got the Dissertation on the Syndicated Traveller
  7759 | D:8      | Upgraded the game from 0.32-a0-612-g1c984fe to
                  | 0.32-a0-613-g40f424e
  7827 | D:8      | Reached skill level 1 in Invocations
  7891 | D:8      | Found a snail-covered altar of Cheibriados.
  7891 | D:8      | Found a blossoming altar of Fedhas.
  7901 | D:8      | Noticed Grum
  7919 | D:8      | Killed Grum
  8010 | D:8      | Found Myasyru's Antique Armour Boutique.
  8344 | D:8      | Reached XP level 11. HP: 81/87 MP: 14/22
  8576 | D:8      | Reached skill level 15 in Alchemy
  8689 | D:8      | Reached * piety under Sif Muna
  8790 | D:8      | Noticed a two-headed ogre
  8794 | D:8      | Killed a two-headed ogre
  9254 | D:9      | Found a sacrificial altar of Ru.
  9255 | D:9      | Found a shadowy altar of Dithmenos.
  9277 | D:9      | Noticed Joseph
  9293 | D:9      | Killed Joseph
  9427 | D:9      | Reached ** piety under Sif Muna
  9473 | D:9      | Learned a level 3 spell: Mephitic Cloud
  9564 | D:9      | Noticed a purple ugly thing
  9569 | D:9      | Killed a purple ugly thing
  9660 | D:9      | Reached skill level 16 in Alchemy
  9859 | D:9      | Got the Tractate on Mortal Firn
  9864 | D:9      | Learned a level 3 spell: Ozocubu's Armour
  9977 | D:9      | Reached skill level 1 in Ice Magic
 10316 | D:9      | Noticed a necromancer
 10319 | D:9      | Reached XP level 12. HP: 94/97 MP: 12/24
 10325 | D:9      | Reached skill level 5 in Invocations
 10840 | D:9      | Reached skill level 10 in Fighting
 10975 | D:9      | Reached *** piety under Sif Muna
 10984 | D:9      | Reached skill level 17 in Alchemy
 11422 | D:9      | Found a sparkling altar of Nemelex Xobeh.
 11776 | D:9      | Paralysed by a hornet for 2 turns
 12000 | D:9      | Found a staircase to the Lair.
 12098 | D:9      | Found a broken altar of Ashenzari.
 12362 | Lair:1   | Entered Level 1 of the Lair of Beasts
 12873 | Lair:1   | Reached **** piety under Sif Muna
 12881 | Lair:1   | Reached skill level 18 in Alchemy
 13244 | Lair:1   | Reached XP level 13. HP: 81/105 MP: 23/26
 13787 | Lair:2   | Found a staircase to the Shoals.
 13846 | Lair:2   | Reached skill level 5 in Dodging
 14119 | Lair:2   | Noticed Maggie
 14129 | Lair:2   | Killed Maggie
 14303 | Lair:2   | Noticed Sonja
 14314 | Lair:2   | Killed Sonja
 14973 | D:9      | Identified the +0 ring mail of Afrilor {rC+ MP+9}
 15278 | Lair:2   | Learned a level 1 spell: Necrotise
 15387 | Lair:3   | Reached ***** piety under Sif Muna
 15396 | Lair:3   | Found a staircase to the Snake Pit.
 15610 | Lair:3   | Reached skill level 1 in Necromancy
 15630 | Lair:3   | Found a transporter.
 15636 | Lair:3   | Found a bloodstained altar of Trog.
 15655 | Lair:3   | Noticed Aorika's ghost (journeyman MDFi)
 15760 | Lair:3   | Found a transporter.
 15773 | Lair:3   | You fall into a shaft and drop 1 floor!
 15821 | Lair:4   | Found a viscous altar of Jiyva.
 15821 | Lair:4   | Found a staircase to the Slime Pits.
 16228 | Lair:4   | Reached skill level 19 in Alchemy
 16262 | Lair:4   | Found a transporter.
 16266 | Lair:4   | Found a transporter.
 16267 | Lair:4   | Noticed Etuodos's ghost (journeyman GrFi)
 16383 | Lair:4   | Reached skill level 10 in Spellcasting
 16416 | Lair:4   | Noticed a dire elephant
 16464 | Lair:4   | Reached XP level 14. HP: 57/113 MP: 8/28
 16608 | Lair:4   | Mangled by a dire elephant

Illustrated notes

Levels and vault maps discovered:
D:1:      saegor_arrival_miasma, layout_basic
D:2:      layout_rooms, amcnicky_mini_corridor_feature, uniq_sigmund,
          uniq_natasha, uniq_jessica
D:3:      minmay_evil_eye, layout_basic, uniq_ijyb, uniq_grinder
D:4:      layout_loops_cross, mainiacjoe_sewer_entry_somewhere_in_here_1,
          uniq_duvessa, uniq_menkaure, uniq_robin
D:5:      layout_basic, chequers_temple_overflow_statue_of_worship, uniq_pikel
D:6:      layout_gridville, nicolae_hepliaklqana_hazy_memory
D:7:      minmay_the_grid_square_5x5_3x3
          [minmay_the_grid_square_5x5_beaten_path,
          minmay_the_grid_square_5x5_bite,
          minmay_the_grid_square_5x5_tetrominoes,
          minmay_the_grid_square_5x5_eight,
          minmay_the_grid_square_5x5_megaprize_checkered,
          minmay_the_grid_square_5x5_inner_v,
          minmay_the_grid_square_5x5_two_walls_a,
          minmay_the_grid_square_5x5_forky,
          minmay_the_grid_square_5x5_eight_small], layout_basic,
          minmay_temple_entry_junction_2, serial_park_tiny_2
D:8:      layout_gridville, gammafunk_temple_overflow_elements, serial_shops,
          nicolae_lakefront_shop, minmay_misc_feat_alley, the_hattery, uniq_grum
D:9:      bobbens_index_wilting_gardens, layout_layer_cave,
          nicolae_overflow_two_pavilions, kennysheep_mini, lemuel_round_altar,
          lair_entry_dummy, uniq_joseph
Temple:   bh_familiar_temple
Lair:1:   layout_misc_corridors
Lair:2:   layout_chaotic_city, mainiacjoe_shoals_entry_four_pools,
          nzn_sisyphean_effort, infiniplex_staircase_pool, uniq_maggie,
          uniq_sonja
Lair:3:   layout_chaotic_city, guppyfry_snake_entry_garden,
          gammafunk_ghost_wrathful_warriors, uniq_rupert
Lair:4:   beast_lair_carwin_large_4, layout_cave_pods,
          dpeg_slime_entry_enclosed, gammafunk_ghost_hive

Skill      XL: |  1  2  3  4  5  6  7  8  9 10 11 12 13 |
---------------+----------------------------------------+-----
Fighting       | 1 2 3 4 5 7 8 9 10 11 | 11.6
Spellcasting   | 3 4 5 6 7 8 9 10 | 10.1
Alchemy        | 6 7 9 10 12 14 16 18 19 | 19.2
Fire Magic     | 2 3 |  3.0
Invocations    | 1 4 6 8 |  8.2
Ice Magic      | 2 3 |  3.0
Dodging        | 4 8 |  8.3
Necromancy     | 2 |  2.0
Stealth        | |  2.1
Conjurations   | |  0.7

Action                     |  1- 3 |  4- 6 |  7- 9 | 10-12 | 13-15 || total
---------------------------+-------+-------+-------+-------+-------++-------
  Melee: Unarmed           |    11 |       |       |       |       ||    11
         Short sword       |    15 |    36 |   101 |   334 |   142 ||   628
         Tailslap          |       |       |       |       |     3 ||     3
  Throw: Stone             |     1 |       |       |       |       ||     1
         Dart              |       |       |       |     3 |     1 ||     4
   Cast: Sting             |    50 |    47 |    88 |    80 |    32 ||   297
         Mercury Vapours   |     1 |    15 |    12 |    12 |     7 ||    47
         Olgreb's Toxic Ra |       |       |    23 |    47 |    37 ||   107
         Sticky Flame      |       |       |     6 |    70 |    27 ||   103
         Ozocubu's Armour  |       |       |       |     4 |     8 ||    12
         Mephitic Cloud    |       |       |       |     2 |     1 ||     3
         Necrotise         |       |       |       |       |    30 ||    30
  Evoke: Wand              |       |       |       |     5 |     9 ||    14
    Use: Scroll            |       |       |     9 |     5 |     6 ||    20
         Potion            |       |       |       |     2 |       ||     2
   Stab: Distracted        |       |       |       |       |     1 ||     1
 Armour: Leather armour    |    27 |    52 |    24 |       |       ||   103
         Robe              |     2 |       |       |       |       ||     2
         Troll leather arm |       |       |    72 |   350 |   144 ||   566
  Dodge: Dodged            |    21 |    48 |   111 |   340 |   192 ||   712

Table legend: (Time is in decaauts)
 A = Elapsed time spent in this place.
 B = Non-inter-level travel time spent in this place.
 C = Inter-level travel time spent in this place.
 D = Time resting spent in this place.
 E = Time spent auto-exploring this place.
 F = Levels seen in this place.
 G = Mean time per level.
                   A        B        C        D        E       F      G
               +--------+--------+--------+--------+--------+-----+--------+
         Total |  16698 |  15732 |    966 |    917 |  11797 |  15 | 1113.2 |
       Dungeon |  12466 |  11802 |    664 |    844 |   8786 |   9 | 1385.1 |
        Temple |     55 |     16 |     39 |      0 |      0 |   1 |   55.0 |
          Lair |   3927 |   3665 |    262 |     39 |   2886 |   4 |  981.8 |
         Sewer |    248 |    248 |      0 |     34 |    123 |   1 |  248.0 |
               +--------+--------+--------+--------+--------+-----+--------+

Top non-repeatable levels by time:
     D:9: 3495 daAuts
     D:8: 1488 daAuts
     D:3: 1360 daAuts
  Lair:2: 1243 daAuts
  Lair:1: 1227 daAuts
     D:2: 1121 daAuts
     D:1: 1097 daAuts
     D:7: 1067 daAuts
     D:6: 996 daAuts
     D:4: 989 daAuts
  Lair:3: 981 daAuts
     D:5: 849 daAuts
  Lair:4: 475 daAuts
   Sewer: 248 daAuts
  Temple: 55 daAuts
